 Dungeon Crawl Stone Soup version 0.29-a0-830-gcb1280458a (webtiles) character file.

Game seed: 13721910795265528353

53 buhh the Insei (level 3, 0/24 HPs)
             Began as an Octopode Transmuter on July 11, 2022.
             Killed from afar by an orc wizard (7 damage)
             ... with a magic dart
             ... on level 3 of the Dungeon.
             The game lasted 00:01:23 (2476 turns).

buhh the Insei (Octopode Transmuter)                Turns: 2476, Time: 00:01:24

Health: 0/24       AC:  2    Str:  9    XL:     3   Next: 87%
Magic:  2/6        EV: 19    Int: 17    God:
Gold:   58         SH:  0    Dex: 17    Spells: 0/6 levels left

rFire   . . .      SeeInvis .     - Unarmed
rCold   . . .      Faith    .   (shield currently unavailable)
rNeg    . . .      Spirit   .   (helmet currently unavailable)
rPois   x          Reflect  .   (no amulet)
rElec   .          Harm     .   (no ring)
rCorr   .          Rampage  .   (no ring)
Will    .....                   (no ring)
Stlth   ++........              (no ring)
HPRegen 0.08/turn               (no ring)
MPRegen 0.10/turn               (no ring)
                                (no ring)
                                (no ring)

@: spider-form
A: venomous fangs, almost no armour, (amphibious), 8 rings, tiny, (camouflage
1), (gelatinous body 1), (nimble swimmer 1), (tentacles)
a: End Transformation


You were on level 3 of the Dungeon.
You were a venomous arachnid creature.
You visited 1 branch of the dungeon, and saw 3 of its levels.

You collected 58 gold pieces.

Inventory:

Missiles
 g - 3 poisoned darts
Scrolls
 b - a scroll of noise {unknown}
 c - 3 scrolls of fear {unknown}
 e - 3 scrolls of teleportation {unknown}
 f - a scroll of identify {unknown}
 h - a scroll of fog {unknown}
 i - a scroll of enchant weapon {unknown}
Potions
 a - a potion of mutation {unknown}
 d - 5 potions of curing {unknown}
 j - a potion of heal wounds {unknown}
 k - a potion of flight {unknown}


   Skills:
 + Level 1.9 Fighting
 + Level 2.5 Dodging
 - Level 2.0 Stealth
 + Level 3.4 Unarmed Combat
 - Level 2.0 Spellcasting
 - Level 2.0 Transmutations
 - Level 1.0 Poison Magic


You couldn't memorise any spells.
You knew the following spells:

 Your Spells              Type           Power      Damage    Failure   Level
a - Beastly Appendage     Tmut           16%        N/A       22%         1
b - Wereblood             Tmut           8%         N/A       30%         2
c - Spider Form           Tmut/Pois      6%         N/A       52%         3

Your spell library contained the following spells:

 Spells                   Type           Power      Damage    Failure   Level
 Ice Form                 Ice/Tmut       5%         N/A       90%         4


Dungeon Overview and Level Annotations

Branches:
Dungeon (3/15) Zot: 15525

Altars:
Gozag

Annotations:
D:1 exclusion: downstairs


Innate Abilities, Weirdness & Mutations

You are a venomous arachnid creature.
You have poisonous fangs.
You are tiny and dextrous.
Your spellcasting is less reliable in this form.
Your armour is entirely melded.
You are incapable of wielding weapons or throwing items.
You cannot wear most types of armour.
((You are amphibious.))
You can wear up to eight rings at the same time.
((Your skin changes colour to match your surroundings (Stealth+).))
((Your rubbery body absorbs attacks. (AC +1, EV +1)))
((You are camouflaged when in or above water. (Stealth+)))
((You have tentacles for arms and can constrict up to eight enemies at once.))


Message History

The orc shouts!
You hear a shout!
The orc misses you.
You tentacle-slap the orc. Your grab misses the orc.
Your tentacle spike misses the orc.
The orc is heavily wounded.
The orc hits you with a +0 club.
You tentacle-slap the orc. You grab the orc.
You pierce the orc, but do no damage.
The orc is severely wounded.
You constrict the orc.
An orc wizard comes into view. It is wielding a +0 dagger.
The orc hits you with a +0 club.
The orc wizard shouts!
You tentacle-slap the orc but do no damage.
You squeeze the orc.
You kill the orc!
Your transformation is almost over.
You hear a shout! x3
Things that are here:
a +0 club; an orc corpse You barely miss the orc wizard.
You grab the orc wizard.
You pierce the orc wizard, but do no damage.
You squeeze the orc wizard.
The orc wizard is lightly wounded.
You constrict the orc wizard.
The orc wizard gestures at you while chanting.
The magic dart hits you!
* * * LOW HITPOINT WARNING * * *
You are too injured to fight recklessly!
Your tentacle spike disappears.
You turn into a venomous arachnid creature.
You lose your grip on the orc wizard.
An orc wizard comes into view. It is wielding a +0 dagger.
The orc wizard closely misses you.
You hit the orc wizard but do no damage.
The orc wizard is poisoned.
The orc wizard is moderately wounded.
The orc wizard gestures at you while chanting.
The magic dart hits you!
You die...

.# #.# .#
#.##.##.#
#...!...#
#.......#
#..<....####
#...........
#.......###
#.......#
#.....s.#
#######o.#
#o# .# #


You could see 2 orc wizards.

Vanquished Creatures
  Robin (D:2)
  A worm (D:2)
  A dart slug (D:1)
  An orc (D:3)
  4 endoplasms
  11 goblins
  6 hobgoblins
  2 kobolds (D:1)
  3 ball pythons
  A bat (D:2)
  2 frilled lizards
  A rat (D:2)
34 creatures vanquished.

Notes
Turn   | Place    | Note
-------+----------+-------------------------------------------
     0 | D:1      | buhh the Octopode Transmuter began the quest for the Orb.
     0 | D:1      | Reached XP level 1. HP: 13/13 MP: 3/3
   287 | D:1      | Reached skill level 1 in Stealth
   288 | D:1      | Reached XP level 2. HP: 18/18 MP: 3/5
   353 | D:1      | Reached skill level 1 in Poison Magic
   628 | D:1      | Found a faded altar of an unknown god.
  1034 | D:2      | Found an opulent altar of Gozag.
  1412 | D:2      | Reached XP level 3. HP: 19/23 MP: 6/6
  1571 | D:1      | Learned a level 2 spell: Wereblood
  1575 | D:1      | Learned a level 3 spell: Spider Form
  1957 | D:2      | Noticed Robin
  2196 | D:2      | Killed Robin
  2476 | D:3      | Killed from afar by an orc wizard

Illustrated notes

Levels and vault maps discovered:
D:1:      scummos_arrival_simple_fountains, layout_basic,
          ebering_ecumenical_altar_petrified, serial_bayou_pond_a
D:2:      layout_rooms, basic_altar, uniq_robin
D:3:      minmay_goblin_kobold_castle, layout_loops_ring

Skill      XL: |  1  2 |
---------------+-------+-----
Stealth        | 1 2 |  2.0
Poison Magic   | 1 |  1.0
Fighting       | |  1.9
Dodging        | |  2.5
Unarmed Combat | |  3.4
Spellcasting   | |  2.0
Transmutations | |  2.0

Action                   || total
-------------------------++-------
Melee: Unarmed           ||    61
       Kick              ||    18
       Tentacles         ||    11
       Constrict         ||    14
 Cast: Beastly Appendage ||    26
       Spider Form       ||     2
  Use: Potion            ||     1
 Stab: Sleeping          ||     8
Armor: Skin              ||    10
Dodge: Dodged            ||    27

Table legend: (Time is in decaauts)
 A = Elapsed time spent in this place.
 B = Non-inter-level travel time spent in this place.
 C = Inter-level travel time spent in this place.
 D = Time resting spent in this place.
 E = Time spent auto-exploring this place.
 F = Levels seen in this place.
 G = Mean time per level.
                   A        B        C        D        E       F      G
               +--------+--------+--------+--------+--------+-----+--------+
         Total |   2473 |   2392 |     81 |    371 |   1751 |   3 |  824.3 |
       Dungeon |   2473 |   2392 |     81 |    371 |   1751 |   3 |  824.3 |
               +--------+--------+--------+--------+--------+-----+--------+

Top non-repeatable levels by time:
     D:1: 1452 daAuts
     D:2: 997 daAuts
     D:3: 23 daAuts
